 Dungeon Crawl Stone Soup version 0.29-a0-338-g1ff7896281 (webtiles) character file.

Game seed: 11608563561056917172

819 spaghetti the Reanimator (level 7, -11/57 HPs)
             Began as a Deep Dwarf Necromancer on Apr 17, 2022.
             Was an Initiate of Cheibriados.
             Mangled by an ogre
             ... wielding a +0 giant club
              (21 damage)
             ... on level 6 of the Dungeon.
             The game lasted 00:11:32 (6057 turns).

spaghetti the Reanimator (Deep Dwarf Necromancer)   Turns: 6057, Time: 00:11:33

Health: -11/57     AC:  9    Str: 14    XL:     7   Next: 63%
Magic:  2/11       EV: 10    Int: 17    God:    Cheibriados [......]
Gold:   270        SH:  0    Dex: 14    Spells: 5/9 levels left

rFire   . . .      SeeInvis .   b - +0 executioner's axe {axerare=g}
rCold   . . .      Faith    .   (shield currently unavailable)
rNeg    . . .      Spirit   .   I - +0 scale mail
rPois   .          Reflect  .   l - +0 helmet
rElec   .          Harm     .   (no cloak)
rCorr   .          Rampage  .   r - +0 pair of gloves
Will    +....                   x - +0 pair of boots
Stlth   +.........              (no amulet)
HPRegen 0.00/turn               (no ring)
MPRegen 0.12/turn               (no ring)

@: very slow
A: damage resistance, heal wounds, sense surroundings 1, no regeneration
a: Heal Wounds, Renounce Religion


You were on level 6 of the Dungeon.
You worshipped Cheibriados.
Cheibriados was noncommittal.
You visited 2 branches of the dungeon, and saw 7 of its levels.

You collected 270 gold pieces.


Innate Abilities, Weirdness & Mutations

You are resistant to damage.
You can heal yourself by infusing magical energy.
You passively map a small area around you.
You do not regenerate.


   Skills:
 + Level 1.2 Fighting
 * Level 2.3 Axes
 + Level 1.5 Armour
 + Level 2.8 Dodging
 - Level 2.4 Stealth
 - Level 1.7 Spellcasting
 - Level 8.0 Necromancy
 - Level 6.0 Invocations


You had 5 spell levels left.
You knew the following spells:

 Your Spells              Type           Power      Damage    Failure   Level
a - Pain                  Necr           100%       1d9       3%          1
b - Vampiric Draining     Necr           28%        2d8       10%         3

Your spell library contained the following spells:

 Spells                   Type           Power      Damage    Failure   Level
 Animate Skeleton         Necr           56%        N/A       3%          1
 Animate Dead             Necr           14%        N/A       32%         4
 Freeze                   Ice            4%         1d3       65%         1
 Agony                    Necr           28%        N/A       65%         5
 Frozen Ramparts          Ice            2%         1d2       95%         3
 Hailstorm                Conj/Ice       1%         3d3       100%        4

Inventory:

Hand Weapons
 b - a +0 executioner's axe (weapon) {axerare=g}
   (You found it on level 1 of the Dungeon)
 d - a +0 dagger {short}
   (You took it off a kobold on level 1 of the Dungeon)
 f - a +0 dagger {short}
   (You took it off a kobold on level 1 of the Dungeon)
 h - a +0 rapier {short}
   (You found it on level 1 of the Dungeon)
 u - a +1 dagger of speed {short}
   (You found it on level 2 of the Dungeon)
 D - a +4 whip {mace}
   (You took it off an orc on level 4 of the Dungeon)
 F - a +0 dagger of draining {short}
   (You took it off an orc on level 4 of the Dungeon)
Missiles
 m - 98 stones (quivered) {throwing}
 B - 11 boomerangs {throwing}
Armour
 a - a +0 robe
 l - a +0 helmet (worn)
   (You found it on level 1 of the Dungeon)
 r - a +0 pair of gloves (worn)
   (You found it on level 2 of the Dungeon)
 x - a +0 pair of boots (worn)
   (You found it on level 3 of the Dungeon)
 I - a +0 scale mail (worn)
   (You took it off an orc on level 3 of the Dungeon)
Jewellery
 o - a ring of magical power
   (You took it off a kobold on level 2 of the Dungeon)
 s - a ring of flight
   (You took it off a goblin on level 2 of the Dungeon)
Wands
 v - a wand of mindburst (13)
   (You found it on level 5 of the Dungeon)
 z - a wand of charming (2)
   (You found it on level 4 of the Dungeon)
Scrolls
 c - a scroll of enchant armour
 g - a scroll of blinking {unknown}
 i - 2 scrolls of magic mapping {unknown}
 j - a scroll of teleportation {unknown}
 k - a scroll of immolation {unknown}
 n - 3 scrolls of vulnerability {unknown}
 q - 6 scrolls of noise {unknown}
 t - 4 scrolls of fog {unknown}
 y - a scroll of identify {@r1}
 A - a scroll of summoning {unknown}
 C - a scroll of amnesia {unknown}
 G - a scroll of enchant weapon {unknown}
Potions
 e - 5 potions of flight
 p - 4 potions of curing {@q1}
 w - a potion of might
 H - a potion of ambrosia {unknown}
 J - a potion of mutation {unknown}
 K - a potion of magic

Dungeon Overview and Level Annotations

Branches:
Dungeon (6/15)             Temple (1/1) D:5

Altars:
Ashenzari
Cheibriados
Dithmenos
Elyvilon
Fedhas
Gozag
Hepliaklqana
Kikubaaqudgha
Makhleb
Nemelex Xobeh
Okawaru
Qazlal
Ru
Sif Muna
Trog
Uskayaw
Vehumet
Wu Jian
Xom
Yredelemnul
Zin

Shops:
D:2 (

Annotations:
D:5 2 transporters, 2 runed translucent doors, snetch's ghost, novice MiBe

####### ### **
##.....##....
##............,
#.....@......#
*
#.....O......#
#............#
#.............,
,*
#.......(..>..
, *
#.............
*
##.......(..$.
##..<..##....
####### , *


You could see an ogre.


Message History

You open the door.
There is an open door here.
Key pressed, stopping explore.
There is an open door here.
Key pressed, stopping explore.
Snetch's ghost turns its malevolent gaze towards you.
Found a glowing cloak.
There is a transporter landing site here.
Key pressed, stopping explore.
Key pressed, stopping explore.
There is an open door here.
Key pressed, stopping explore.
Search for what [Enter for "armour", or ? for help]? cloak Sorry, I don't know how to get there.
There are no items here.
Search for what [Enter for "cloak", or ? for help]?
Unknown command.
(D) Dungeon (T) Temple
Where to? (Enter - D:5 @ (x,y), ? - help)
There is an open door here.
There is a stone staircase leading down here.
You climb downwards.
A sourceless malevolence fills the Dungeon...
With a horrendous wail, an alarm goes off!
A sentinel's mark forms upon you.
You hear a bark!
You hear a shout!
You hear a loud, deep croak!
Found 6 gold pieces and a potion of magic.
Found a stone staircase leading down.
There is a stone staircase leading up here.
Unknown command.
K - a potion of magic You now have 270 gold pieces (gained 10).
An ogre comes into view. It is wielding a +0 giant club.
An ogre is nearby!
An ogre is nearby!
Casting: Vampiric Draining (dangerous; 10% risk of failure)
Confirm with . or Enter, or press ? or * to list all spells.
You can't see any susceptible monsters within range! (Use Z to cast anyway.) Throw: 102 stones {throwing}
Press: ? - help, Q - select action, (/) - cycle Shift-Dir - straight line, f - ogre
Aim: an ogre, wielding a +0 giant club (73% to hit)
You throw a stone {throwing}.
The stone {throwing} hits the ogre but does no damage.
Throw: 101 stones {throwing}
Press: ? - help, Q - select action, (/) - cycle Shift-Dir - straight line, f/p - ogre
Aim: an ogre, wielding a +0 giant club (73% to hit)
You throw a stone {throwing}.
The stone {throwing} hits the ogre but does no damage.
Throw: 100 stones {throwing}
Press: ? - help, Q - select action, (/) - cycle Shift-Dir - straight line, f/p - ogre
Aim: an ogre, wielding a +0 giant club (73% to hit)
You throw a stone {throwing}.
The stone {throwing} barely misses the ogre.
Throw: 99 stones {throwing}
Press: ? - help, Q - select action, (/) - cycle Shift-Dir - straight line, f/p - ogre
Aim: an ogre, wielding a +0 giant club (73% to hit)
You throw a stone {throwing}. The stone {throwing} hits the ogre.
It was a potion of might.
You feel very mighty all of a sudden.
It was a potion of cancellation.
Your magical effects are unravelling.
You feel magically purged.
You feel a little less mighty now.
The sentinel's mark upon you fades away.
Casting: Vampiric Draining (dangerous; 10% risk of failure)
Confirm with . or Enter, or press ? or * to list all spells.
Aiming: Vampiric Draining (dangerous; 10% risk of failure)
Press: ? - help, Shift-Dir - straight line, f/p - ogre
Aim: an ogre, wielding a +0 giant club You draw life force from the ogre!
You feel life coursing into your body.
The ogre closely misses you. 😨 HP[+5] MP[-3]
You regained 5 hp, and now have 21/57 hp.
You lost 3 mp, and now have 8/11 mp.
Casting: Vampiric Draining (dangerous; 10% risk of failure)
Confirm with . or Enter, or press ? or * to list all spells.
Aiming: Vampiric Draining (dangerous; 10% risk of failure)
Press: ? - help, Shift-Dir - straight line, f/p - ogre
Aim: an ogre, wielding a +0 giant club (moderately wounded)
You draw life force from the ogre!
You feel life coursing into your body.
The ogre hits you with a +0 giant club!!
* * * LOW HITPOINT WARNING * * *
😱 HP[-12] MP[-3]
You take 12 damage, and now have 9/57 hp.
MASSIVE DAMAGE!! (PAUSE)
You lost 3 mp, and now have 5/11 mp.
Casting: Vampiric Draining (dangerous; 10% risk of failure)
Confirm with . or Enter, or press ? or * to list all spells.
Aiming: Vampiric Draining (dangerous; 10% risk of failure)
Press: ? - help, Shift-Dir - straight line, f/p - ogre
Aim: an ogre, wielding a +0 giant club (severely wounded)
You draw life force from the ogre.
You feel life coursing into your body. 😱 HP[+1] MP[-3]
You lost 3 mp, and now have 2/11 mp.
Casting: Vampiric Draining (dangerous; 10% risk of failure)
Confirm with . or Enter, or press ? or * to list all spells.
You don't have enough magic to cast this spell.
You barely miss the ogre.
The ogre hits you with a +0 giant club!!
You die...

Skill      XL: |  1  2  3  4  5  6  7 |
---------------+----------------------+-----
Invocations    | 2 3 5 6 |  6.0
Necromancy     | 5 6 7 8 |  8.0
Axes           | 2 |  2.3
Armour         | 1 |  1.5
Fighting       | 1 |  1.2
Dodging        | |  2.8
Stealth        | |  2.4
Spellcasting   | |  1.7

Action                   |  1- 3 |  4- 6 |  7- 9 || total
-------------------------+-------+-------+-------++-------
Melee: Unarmed           |    21 |       |       ||    21
       Executioner's axe |    48 |    37 |    21 ||   106
Throw: Stone             |       |       |     5 ||     5
 Cast: Pain              |    79 |    90 |     3 ||   172
       Vampiric Draining |     4 |    27 |    11 ||    42
 Abil: Heal Wounds       |     1 |       |       ||     1
  Use: Potion            |     2 |       |     4 ||     6
       Scroll            |     1 |       |       ||     1
Armor: Robe              |    32 |    19 |     1 ||    52
       Skin              |       |       |    28 ||    28
       Scale mail        |       |       |    13 ||    13
Dodge: Dodged            |    86 |    54 |    17 ||   157

Levels and vault maps discovered:
D:1:      saegor_arrival_fortress, layout_basic, nicolae_figureground_pulse
D:2:      layout_basic, serial_shops, shop, minmay_diced_spiral
D:3:      layout_rooms, serial_bayou_pond_d
D:4:      layout_basic
D:5:      lemuel_insect_pit, layout_rooms, minmay_temple_entry_stoned_glass,
          gammafunk_ghost_mausoleum, serial_glass, glass_columns_a,
          glass_columns_c, corexii_corridor_pit
D:6:      layout_rooms, serial_shops, shop, kennysheep_little_box,
          shop_fountains, kennysheep_mini_moat
Temple:   kilobyte_greek_temple

Notes
Turn   | Place    | Note
-------+----------+-------------------------------------------
     0 | D:1      | spaghetti the Deep Dwarf Necromancer began the quest for
                  | the Orb.
     0 | D:1      | Reached XP level 1. HP: 15/15 MP: 3/3
     0 | D:1      | magus.rc [v1.9.6]
    73 | D:1      | Reached skill level 1 in Invocations
   125 | D:1      | Reached skill level 2 in Invocations
   208 | D:1      | Reached XP level 2. HP: 16/22 MP: 2/4
   282 | D:1      | b - a +0 executioner's axe {axerare=g}
   443 | D:1      | b - a +0 executioner's axe (weapon) {axerare=g}
   448 | D:1      | Reached skill level 3 in Invocations
   823 | D:1      | Reached XP level 3. HP: 21/28 MP: 2/5
   833 | D:1      | You pick up a book of Frost and begin reading...
   833 | D:1      | You add the spells Freeze, Frozen Ramparts and Hailstorm to
                  | your library.
   934 | D:1      | Learned a level 3 spell: Vampiric Draining
  1256 | D:2      | Reached skill level 4 in Invocations
  1893 | D:2      | Reached skill level 5 in Invocations
  1893 | D:2      | Reached XP level 4. HP: 22/36 MP: 0/7
  2532 | D:2      | Found Yhiam's Antique Weapon Boutique.
  3531 | D:3      | Reached skill level 6 in Invocations
  3837 | D:4      | Reached skill level 5 in Necromancy
  3837 | D:4      | Reached XP level 5. HP: 41/42 MP: 2/9
  4746 | D:5      | Entered Level 5 of the Dungeon
  4746 | D:5      | Noticed snetch's ghost (novice MiBe)
  4746 | D:5      | Found a transporter.
  4776 | D:5      | Reached skill level 6 in Necromancy
  4776 | D:5      | Reached XP level 6. HP: 34/49 MP: 10/10
  5064 | D:5      | Reached skill level 7 in Necromancy
  5108 | D:5      | Noticed a steam dragon
  5120 | D:5      | Killed a steam dragon
  5121 | D:5      | Reached XP level 7. HP: 34/55 MP: 1/11
  5226 | D:5      | Found a staircase to the Ecumenical Temple.
  5236 | D:5      | Reached skill level 8 in Necromancy
  5239 | Temple   | Entered the Ecumenical Temple
  5384 | Temple   | Became a worshipper of Cheibriados the Contemplative
  5587 | D:5      | Reached skill level 1 in Axes
  5599 | D:5      | HP: 17/84 [ice beast (13)]
  5602 | D:5      | Reached skill level 1 in Armour
  5607 | D:5      | Reached skill level 1 in Fighting
  5607 | D:5      | Reached skill level 2 in Axes
  5884 | D:5      | Found a runed translucent door.
  5903 | D:5      | Found a runed translucent door.
  5962 | D:5      | Found a transporter.
  6055 | D:6      | HP: 9/57 [ogre/+0 giant club (18)]
  6057 | D:6      | Mangled by an ogre

Vanquished Creatures
  A steam dragon (D:5)
  An ice beast (D:5)
  An ogre (D:5)
  A bullfrog (D:5)
  A necrophage (D:5)
  A howler monkey (D:4)
  2 hounds (D:5)
  An orc priest (D:4)
  3 iguanas (D:5)
  4 adders
  A white imp (D:5)
  3 worms
  4 dart slugs
  12 orcs
  14 endoplasms
  8 giant cockroaches
  7 hobgoblins
  4 jackals (D:1)
  6 kobolds
  3 quokkas
  12 ball pythons
  5 bats
  A frilled lizard (D:2)
  8 goblins
  8 rats
112 creatures vanquished.

Table legend:
 A = Non-vault XP
 B = Vault XP
 C = Vault XP percentage of total XP
 D = Non-vault monster count
 E = Vault monster count
 F = Vault count percentage of total count
                 A         B        C        D         E       F
            +---------+---------+-------+---------+---------+-------
      Total |    1152 |      19 |   1.6 |     107 |       5 |   4.5
            +---------+---------+-------+---------+---------+-------
        D:1 |      51 |       0 |   0.0 |      28 |       0 |   0.0
        D:2 |      49 |      19 |  27.9 |      23 |       5 |  17.9
        D:3 |      58 |       0 |   0.0 |      20 |       0 |   0.0
        D:4 |     151 |       0 |   0.0 |      23 |       0 |   0.0
        D:5 |     843 |       0 |   0.0 |      13 |       0 |   0.0
            +---------+---------+-------+---------+---------+-------

Illustrated notes

Table legend:
 A = Kills in this place as a percentage of kills in entire the game.
 B = Kills by you in this place as a percentage of kills by you in the entire game.
 C = Kills by friends in this place as a percentage of kills by friends in the entire game.
 D = Other kills in this place as a percentage of other kills in the entire game.
 E = Experience gained in this place as a percentage of experience gained in the entire game.
 F = Experience gained in this place divided by the number of levels of this place that you have seen.
                   A       B       C       D       E      F
               +-------+-------+-------+-------+-------+----------------------
         Total | 100.0 | 100.0 |   N/A |   N/A | 100.0 | 167.3
       Dungeon | 100.0 | 100.0 |   N/A |   N/A | 100.0 | 195.2
               +-------+-------+-------+-------+-------+----------------------

Table legend: (Time is in decaauts)
 A = Elapsed time spent in this place.
 B = Non-inter-level travel time spent in this place.
 C = Inter-level travel time spent in this place.
 D = Time resting spent in this place.
 E = Time spent auto-exploring this place.
 F = Levels seen in this place.
 G = Mean time per level.
                   A        B        C        D        E       F      G
               +--------+--------+--------+--------+--------+-----+--------+
         Total |   6256 |   5967 |    289 |    256 |   4877 |   7 |  893.7 |
       Dungeon |   6067 |   5824 |    243 |    256 |   4744 |   6 | 1011.2 |
        Temple |    189 |    144 |     45 |      0 |    133 |   1 |  189.0 |
               +--------+--------+--------+--------+--------+-----+--------+

Top non-repeatable levels by time:
     D:2: 1489 daAuts
     D:1: 1260 daAuts
     D:5: 1134 daAuts
     D:4: 1109 daAuts
     D:3: 1046 daAuts
  Temple: 189 daAuts
     D:6: 26 daAuts
